 Dungeon Crawl Stone Soup version 0.23-a0-49-gd9f7a49 (webtiles) character file.

1 Amnesiac the Magician (level 1, -1/13 HPs)
             Began as a Mummy Air Elementalist on Aug 7, 2018.
             Slain by a kobold (4 damage)
             ... on level 1 of the Dungeon.
             The game lasted 00:00:24 (171 turns).

Amnesiac the Magician (Mummy Air Elementalist)       Turns: 171, Time: 00:00:25

Health: -1/13      AC:  2    Str: 11    XL:     1   Next: 16%
Magic:  4/4        EV: 12    Int: 14    God:
Gold:   0          SH:  0    Dex: 12    Spells: 4/5 levels left

rFire    x . .     SeeInvis .   (no weapon)
rCold    + . .     Gourm    .   (no shield)
rNeg     + + +     Faith    .   a - +0 robe
rPois    ∞         Spirit   .   (no helmet)
rElec    .         Reflect  .   (no cloak)
rCorr    .         Harm     .   (no gloves)
MR       .....                  (no boots)
Stlth    ++........             (no amulet)
HPRegen  0.04/turn              (no ring)
MPRegen  0.09/turn              (no ring)

@: no status effects
A: no food or potions, fire vulnerability, cold resistance 1, negative energy
resistance 3, torment resistance, unbreathing
a: no special abilities


You were on level 1 of the Dungeon.
You were not hungry.

You visited 1 branch of the dungeon, and saw 2 of its levels.

Inventory:

Armour
 a - a +0 robe (worn)
Scrolls
 b - a scroll of immolation {!r, unknown}


   Skills:
 - Level 1.5 Dodging
 - Level 1.5 Stealth
 - Level 2.6 Spellcasting
 - Level 0.7 Conjurations
 + Level 2.5 Air Magic


You had 4 spell levels left.
You knew the following spells:

 Your Spells              Type           Power        Failure   Level  Hunger
a - Shock                 Conj/Air       #...         12%         1    N/A

Your spell library contained the following spells:

 Spells                   Type           Power        Failure   Level  Hunger
 Lightning Bolt           Conj/Air       #.........   97%         5    N/A
 Swiftness                Chrm/Air       #.......     21%         2    N/A
 Airstrike                Air            #.........   61%         4    N/A
 Static Discharge         Conj/Air       #.......     34%         3    N/A

Dungeon Overview and Level Annotations

Branches:
Dungeon (2/15)

Altars:


Innate Abilities, Weirdness & Mutations

You do not eat or drink.
Your flesh is vulnerable to fire.
You are immune to poison.
Your flesh is cold resistant. (rC+)
You are immune to negative energy. (rN+++)
You are immune to unholy pain and torment.
You can survive without breathing.


Message History

You hit the rat but do no damage. The rat barely misses you.
You barely miss the rat. The rat bites you.
You barely miss the rat. The rat misses you.
You hit the rat but do no damage. The rat misses you.
You hit the rat but do no damage. The rat bites you.
You hit the rat but do no damage. The rat bites you but does no damage.
You barely miss the rat. The rat barely misses you.
You hit the rat.
The rat is moderately wounded.
The rat barely misses you.
You barely miss the rat. The rat barely misses you.
You closely miss the rat. The rat bites you.
You hit the rat.
The rat is moderately wounded.
The rat closely misses you.
You closely miss the rat.
The rat is moderately wounded.
The rat bites you.
You hit the rat.
You kill the rat!
No target in view!
No target in view!
You start resting.
HP restored.
There is a stone staircase leading up here.
You climb upwards.
Found 23 arrows and a scroll labeled CIAFUO VADOKUNG.
There is a stone staircase leading down here.
Found a scroll labeled CANNAI PIOLITS.
b - a scroll labeled CIAFUO VADOKUNG {!r} A kobold comes into view.
The kobold shouts!
The kobold barely misses you.
You hit the kobold.
The kobold is moderately wounded.
The kobold misses you.
You barely miss the kobold.
The kobold is moderately wounded.
The kobold closely misses you.
You miss the kobold.
The kobold is moderately wounded.
The kobold hits you.
You miss the kobold.
The kobold is moderately wounded.
The kobold hits you.
You barely miss the kobold. The kobold hits you.
* * * LOW HITPOINT WARNING * * *
You hit the kobold.
The kobold is moderately wounded.
The kobold hits you.
* * * LOW HITPOINT WARNING * * *
You are too injured to fight recklessly!
You closely miss the kobold.
The kobold is moderately wounded.
The kobold completely misses you.
You are too injured to fight recklessly!
You closely miss the kobold.
The kobold is moderately wounded.
The kobold barely misses you.
You are too injured to fight recklessly!
You hit the kobold.
The kobold is severely wounded.
The kobold hits you.
You die...

#.# #.# #.#
.. ... .
#.# #. #.#
..#K# #.#@#
#.#.# #...#
##..####
#.....#
##....# .
#....#
....##....#
.......>..#


You could see a kobold.

Vanquished Creatures
  2 rats
2 creatures vanquished.

Notes
Turn   | Place    | Note
-------+----------+-------------------------------------------
     0 | D:1      | Amnesiac the Mummy Air Elementalist began the quest for the Orb.
     0 | D:1      | Reached XP level 1. HP: 13/13 MP: 4/4
   171 | D:1      | Slain by a kobold

Vault maps used:
D:1:      roderic_crop_circles_arrival_small
D:2:      nicolae_overflow_crystal_walls, marbit_many_paths, uniq_robin

Action                   || total
-------------------------++-------
Melee: Unarmed           ||    25
Armor: Robe              ||     3
Dodge: Dodged            ||    15

Table legend:
 A = Spawn XP
 B = Non-spawn XP
 C = Spawn XP percentage of total XP
 D = Spawn monster count
 E = Non-spawn monster count
 F = Spawn count percentage of total count
 G = Total turns spent on level
                    A         B        C        D         E        F      G
               +---------+---------+-------+---------+---------+-------+---------
         Total |       0 |       2 |   0.0 |       0 |       2 |   0.0 |   171
               +---------+---------+-------+---------+---------+-------+---------
           D:1 |       0 |       1 |   0.0 |       0 |       1 |   0.0 |    63
           D:2 |       0 |       1 |   0.0 |       0 |       1 |   0.0 |   108
               +---------+---------+-------+---------+---------+-------+---------
